 Dungeon Crawl Stone Soup version 0.30-a0-1043-g60ff8d5f49 (webtiles) character file.

Game seed: 11898022637019538740

1066 DeathPants the Stinger (level 8, -2/64 HPs)
             Began as a Naga Venom Mage on Apr 10, 2023.
             Slain by Duvessa
             ... wielding a +1 short sword of electrocution
              (11 damage)
             ... on level 6 of the Dungeon.
             The game lasted 00:19:35 (5816 turns).

DeathPants the Stinger (Naga Venom Mage)            Turns: 5816, Time: 00:19:35

Health: -2/64      AC:  5    Str: 11    XL:     8   Next: 28%
Magic:  2/17       EV: 10    Int: 24    God:
Gold:   275        SH:  0    Dex: 12    Spells: 9/19 levels left

rFire   . . .      SeeInvis +    a - +1 mace of Invincibility {venom, Int+7}
rCold   . . .      Faith    .    (no shield)
rNeg    . . .      Spirit   .    r - +1 robe
rPois   +          Reflect  .    (no helmet)
rElec   .          Rampage  .    (no cloak)
rCorr   .                        f - +0 pair of gloves
Will    +....                    (no barding)
Stlth   ++                       (no amulet)
HPRegen 0.30/turn                (no ring)
MPRegen 0.15/turn                (no ring)

@: very slow
A: AC +2, large, see invisible, deformed body, poison resistance, slowness 2,
spit poison 1, naga tail 1
a: Spit Poison


You were on level 6 of the Dungeon.
You visited 1 branch of the dungeon, and saw 6 of its levels.

You collected 275 gold pieces.

Inventory:

Hand Weapons
 a - the +1 mace of Invincibility (weapon) {venom, Int+7}
   (You found it on level 5 of the Dungeon)

   Int:       It affects your intelligence (+7).
 b - a +0 short sword of venom
 e - a +0 hand axe
 j - a +0 heavy war axe
 u - a +3 short sword
Missiles
 d - 3 boomerangs
 m - 9 poisoned darts
 p - 5 datura-tipped darts
 s - 2 throwing nets
Armour
 f - a +0 pair of gloves (worn)
 r - a +1 robe (worn)
 v - the +0 leather armour of Morality {Fly rN+}
   (You found it on level 6 of the Dungeon)

   rN:        It protects you from negative energy.
   Fly:       It grants you flight.
Wands
 t - a wand of mindburst (9)
Scrolls
 c - a scroll of fear {unknown}
 i - 2 scrolls of teleportation
 k - a scroll of immolation
 l - a scroll of fog {unknown}
 o - a scroll of silence {unknown}
Potions
 g - a potion of ambrosia
 h - 2 potions of curing
 n - 2 potions of degeneration {unknown}
 q - 3 potions of haste


   Skills:
 + Level 1.3 Fighting
 - Level 1.5 Dodging
 - Level 3.0 Stealth
 - Level 6.0 Spellcasting
 - Level 4.0 Conjurations
 - Level 1.0 Transmutations
 - Level 4.0 Air Magic
 - Level 6.0 Poison Magic


You had 9 spell levels left.
You knew the following spells:

 Your Spells              Type           Power      Damage    Failure   Level
a - Sting                 Tmut/Pois      96%        1d7       1%          1
b - Poisonous Vapours     Pois/Air       62%        N/A       1%          2
c - Mephitic Cloud        Conj/Pois/Air  29%        N/A       3%          3
d - Olgreb's Toxic Radia  Pois           36%        N/A       7%          4

Your spell library contained the following spells:

 Spells                   Type           Power      Damage    Failure   Level
 Cigotuvi's Dreadful Rot  Necr/Pois/Air  46%        N/A       3%          2
 Necrotise                Necr           28%        1d5       8%          1
 Sandblast                Erth           14%        2d6       8%          1
 Ignite Poison            Fire/Tmut/Pois 18%        N/A       9%          3
 Passwall                 Tmut/Erth      7%         N/A       10%         2
 Stone Arrow              Conj/Erth      32%        3d9       11%         3
 Vhi's Electric Charge    Tloc/Air       32%        N/A       11%         3
 Sublimation of Blood     Necr           7%         N/A       12%         2
 Airstrike                Air            13%        2d(2-18)  16%         4
 Arcjolt                  Conj/Air       13%        1d23      38%         5
 Freezing Cloud           Conj/Ice/Air   9%         6-21      58%         5
 Silence                  Hex/Air        8%         N/A       67%         5
 Conjure Ball Lightning   Conj/Air       13%        3x3d6     93%         6
 Plasma Beam              Fire/Air       8%         2x1d20    99%         6


Dungeon Overview and Level Annotations

Branches:
Dungeon (6/15)
 Temple: D:4-7

Altars:
Trog
Wu Jian
Yredelemnul

Annotations:
D:6 Duvessa


Innate Abilities, Weirdness & Mutations

Your serpentine skin is tough. (AC +2)
You have supernaturally acute eyesight. (SInv)
Armour fits poorly on your strangely shaped body.
Your system is resistant to poisons. (rPois)
You cover ground very slowly.
You can spit poison.
You have a snake-like lower body.


Message History

Duvessa is moderately wounded.
Duvessa looks as sick as possible!
Dowan looks as sick as possible!
You kill the centaur!
The adder looks even sicker.
The adder is engulfed in noxious fumes.
The adder appears confused.
The adder bites you.
The adder is engulfed in noxious fumes.
The adder appears confused.
Dowan mumbles something.
The orc warrior misses you.
Training target 6.0 for Spellcasting reached!
Your Spellcasting skill increases to level 6!
You need to enable at least one skill for training.
Your Fighting skill increases to level 1!
Casting: Olgreb's Toxic Radiance (dangerous; 7% risk of failure)
Confirm with . or Enter, or press ? or * to list all spells.
Your toxic radiance grows in intensity.
Dowan looks as sick as possible!
The orc warrior looks as sick as possible!
You kill the orc!
You kill the adder!
Dowan looks as sick as possible!
Dowan hits Duvessa but does no damage.
Duvessa hits you with a +1 short sword of electrocution!
The orc warrior hits you from afar with a +0 halberd!
An orc priest comes into view. It is wielding a +0 hand axe.
You feel better.
The orc warrior looks as sick as possible!
The orc priest is poisoned.
Dowan hits Duvessa but does no damage.
The orc warrior barely misses you.
You catch the helpless Duvessa completely off-guard!
You hit Duvessa.
Duvessa is almost dead.
Dowan looks as sick as possible!
You kill the orc warrior!
Your toxic aura wanes.
You kill Dowan!
Duvessa screams in rage.
Duvessa goes berserk!
Duvessa hits you with a +1 short sword of electrocution!
* * * LOW HITPOINT WARNING * * *
Duvessa hits you with a +1 short sword of electrocution!
* * * LOW HITPOINT WARNING * * *
You are electrocuted!
You die...

#..†.# ..##.#..#.#
#.......#.# #
#.#.#...#.# . .#
#...###.#.#
S###...####..###...#
.<............)....##
...###......###..)..#
..=.. #e@...# ..####
#.....# #.# .))....#
#.. ..#.###...# ...
... ). ##.# (.. ..
.#. .# . ..#. . .. #


You could see Duvessa (berserk, confused, extremely poisoned).

Vanquished Creatures
  A water moccasin (D:6)
  An orc warrior (D:6)
  3 ogres
  A centaur (D:6)
  A scorpion (D:4)
  Dowan (D:6)
  A centaur zombie (D:3)
  A hound (D:4)
  A gnoll bouda (D:4)
  2 orc priests (D:3)
  3 iguanas
  A scorpion zombie (D:3)
  An orc wizard (D:3)
  10 gnolls
  10 adders
  2 worms
  A dart slug (D:2)
  16 orcs
  4 endoplasms
  A giant cockroach (D:3)
  5 goblins
  9 hobgoblins
  4 jackals
  7 kobolds
  9 ball pythons
  4 bats (D:1)
  3 frilled lizards (D:1)
  8 rats
111 creatures vanquished.

Notes
Turn   | Place    | Note
-------+----------+-------------------------------------------
     0 | D:1      | DeathPants the Naga Venom Mage began the quest for the Orb.
     0 | D:1      | Reached XP level 1. HP: 15/15 MP: 3/3
   141 | D:1      | Reached XP level 2. HP: 17/22 MP: 1/5
   158 | D:1      | Learned a level 2 spell: Poisonous Vapours
   307 | D:1      | Reached skill level 5 in Poison Magic
   436 | D:2      | Found a faded altar of an unknown god.
   771 | D:1      | Reached XP level 3. HP: 17/28 MP: 2/6
   821 | D:1      | Learned a level 3 spell: Mephitic Cloud
  1307 | D:2      | Reached skill level 1 in Air Magic
  1385 | D:2      | Reached XP level 4. HP: 30/36 MP: 3/7
  1830 | D:2      | Identified a scroll of acquirement
  1830 | D:2      | Acquired the Folio of the Unholy Brume
  2191 | D:3      | Reached XP level 5. HP: 11/42 MP: 2/8
  2383 | D:3      | Found a bloodstained altar of Trog.
  2694 | D:3      | Reached skill level 1 in Conjurations
  2892 | D:3      | Reached XP level 6. HP: 26/49 MP: 9/9
  3078 | D:3      | Found a basalt altar of Yredelemnul.
  3633 | D:5      | Entered Level 5 of the Dungeon
  4275 | D:4      | Found an ornate altar of the Wu Jian Council.
  4407 | D:4      | Reached XP level 7. HP: 55/55 MP: 1/10
  4531 | D:4      | Learned a level 4 spell: Olgreb's Toxic Radiance
  5173 | D:5      | Reached skill level 5 in Spellcasting
  5609 | D:5      | Reached XP level 8. HP: 57/62 MP: 9/15
  5659 | D:6      | Noticed Duvessa
  5659 | D:6      | Noticed Dowan
  5719 | D:5      | Identified the +1 mace of Invincibility {venom, Int+7}
  5765 | D:5      | You fall into a shaft and drop 1 floor!
  5772 | D:6      | Identified the +0 leather armour of Morality {Fly rN+}
  5814 | D:6      | Reached skill level 1 in Fighting
  5816 | D:6      | Killed Dowan
  5816 | D:6      | Slain by Duvessa

Illustrated notes

Levels and vault maps discovered:
D:1:      giann_forest_graveyard, layout_rooms
D:2:      layout_basic, nicolae_ecumenical_snake_handling,
          hangedman_abyss_or_decor_lesser_grid
D:3:      layout_loops_ring, lemuel_zombie_altar_yredelemnul,
          lemuel_crystal_altar, skrybe_limestone_x
D:4:      layout_basic, mainiacjoe_overflow_catwalk, minivault_27,
          dreamdust_princess_bridge, grunt_ministairs_13
D:5:      layout_loops_ring, okawaru_altar_gauntlet_db,
          grunt_temple_overflow_open, gammafunk_ghost_grave, grunt_ministairs_5
D:6:      layout_rooms, uniq_pikel, uniq_duvessa

Skill      XL: |  1  2  3  4  5  6  7  8 |
---------------+-------------------------+-----
Poison Magic   | 5 6 |  6.0
Air Magic      | 1 2 4 |  4.0
Conjurations   | 1 4 |  4.0
Spellcasting   | 5 6 |  6.0
Fighting       | 1 |  1.3
Dodging        | |  1.5
Stealth        | |  3.0
Transmutations | |  1.0

Action                     |  1- 3 |  4- 6 |  7- 9 || total
---------------------------+-------+-------+-------++-------
  Melee: Hand axe          |    72 |       |       ||    72
         Short sword       |     4 |   178 |    70 ||   252
         Punch             |       |     1 |     1 ||     2
         Mace              |       |       |    12 ||    12
  Throw: Throwing net      |       |       |     1 ||     1
   Cast: Sting             |    36 |     7 |       ||    43
         Poisonous Vapours |     1 |    50 |    18 ||    69
         Mephitic Cloud    |       |     4 |     4 ||     8
         Olgreb's Toxic Ra |       |       |     3 ||     3
Ability: Spit Poison       |       |     3 |       ||     3
  Evoke: Wand              |       |       |     3 ||     3
    Use: Scroll            |     1 |     8 |       ||     9
         Potion            |       |     2 |     2 ||     4
   Stab: Sleeping          |     3 |       |       ||     3
         Confused          |       |       |     2 ||     2
         Distracted        |       |       |     1 ||     1
 Armour: Robe              |    19 |    48 |    22 ||    89
  Dodge: Dodged            |    66 |    82 |    46 ||   194

Table legend: (Time is in decaauts)
 A = Elapsed time spent in this place.
 B = Non-inter-level travel time spent in this place.
 C = Inter-level travel time spent in this place.
 D = Time resting spent in this place.
 E = Time spent auto-exploring this place.
 F = Levels seen in this place.
 G = Mean time per level.
                   A        B        C        D        E       F      G
               +--------+--------+--------+--------+--------+-----+--------+
         Total |   6967 |   6804 |    163 |    333 |   4873 |   6 | 1161.2 |
       Dungeon |   6967 |   6804 |    163 |    333 |   4873 |   6 | 1161.2 |
               +--------+--------+--------+--------+--------+-----+--------+

Top non-repeatable levels by time:
     D:4: 2414 daAuts
     D:3: 1991 daAuts
     D:1: 1207 daAuts
     D:2: 1063 daAuts
     D:5: 224 daAuts
     D:6: 66 daAuts
